 Dungeon Crawl Stone Soup version 0.27-a0-906-g0a00ce863d (webtiles) character file.

Game seed: 15719035358792326960

977 jestyr24 the Magician (level 8, -6/46 HPs)
             Began as a Djinni Earth Elementalist on Apr 7, 2021.
             Was a Follower of Hepliaklqana.
             Mangled by Pikel
             ... wielding a +1 whip of freezing
              (10 damage)
             ... on level 6 of the Dungeon.
             The game lasted 00:35:40 (5532 turns).

jestyr24 the Magician (Djinni Earth Elementalist)   Turns: 5532, Time: 00:35:41

Health: -6/46      AC:  4    Str:  7    XL:     8   Next: 17%
Gold:   215        EV: 12    Int: 20    God:    Hepliaklqana [*.....] SH:  0 Dex: 13

rFire    + + .     SeeInvis .   w - +2 halberd (spect)
rCold    x . .     Faith    .   (shield currently unavailable)
rNeg     . . .     Spirit   .   c - +0 robe
rPois    ∞         Reflect  .   (no helmet)
rElec    .         Harm     .   (no cloak)
rCorr    .         Rampage  .   t - +1 pair of gloves
Will     .....                  (boots unavailable)
Stlth    ++........             (no amulet)
HPRegen  0.15/turn              (no ring)
MPRegen  0.00/turn              (no ring)

@: flying, studying Axes
A: reduced essence, fire resistance 2, cold vulnerability 1, float, innate
caster, hp casting, extra vitality 1
a: Renounce Religion, Recall Ancestor, Ancestor Identity


You were on level 6 of the Dungeon.
You worshipped Hepliaklqana.
Hepliaklqana was aware of your devotion.
You visited 1 branch of the dungeon, and saw 5 of its levels.

You collected 215 gold pieces.

Inventory:

Hand Weapons
 e - a +0 hand axe
 w - a +2 spectral halberd (weapon)
Missiles
 b - 71 stones
 r - 10 poisoned darts
Armour
 c - a +0 robe (worn)
 t - a +1 pair of gloves (worn)
Scrolls
 a - 3 scrolls of immolation
 f - a scroll of magic mapping {unknown}
Potions
 d - 3 potions of attraction
 n - a potion of might
 o - a potion of brilliance
 q - a potion of haste {unknown}
 v - a potion of curing {unknown}


   Skills:
 * Level 1.1 Fighting
 * Level 1.3 Axes
 - Level 2.4 Dodging
 - Level 1.7 Stealth
 + Level 7.9 Spellcasting


You had 2 spell levels left.
You knew the following spells:

 Your Spells              Type           Power      Damage    Failure   Level
a - Sandblast             Erth           78%        2d17      1%          1
b - Passwall              Tmut/Erth      32%        N/A       1%          2
c - Stone Arrow           Conj/Erth      78%        3d11      1%          3
d - Petrify               Tmut/Erth      39%        N/A       3%          4
e - Lee's Rapid Deconstr  Erth           19%        3d12*     9%          5
f - Pain                  Necr           100%       1d9       1%          1
g - Slow                  Hex            39%        N/A       1%          2
h - Poisonous Vapours     Pois/Air       78%        N/A       1%          2
Your spell library was empty.

Dungeon Overview and Level Annotations

Branches:
Dungeon (6/15)             Temple (0/1) D:4

Altars:
Cheibriados
Hepliaklqana
Sif Muna
Xom

Annotations:
D:6 Pikel


Innate Abilities, Weirdness & Mutations

Your life essence is reduced to manifest your ancestor. (-10% HP)
You are immune to poison.
Your flesh is very heat resistant. (rF++)
You are vulnerable to cold. (rC-)
You float through the air rather than walking.
You learn spells naturally, not from books.
Your magical power is your life essence.
You have superior vitality. (+4 HP)


Message History

The wight barely misses you.
Casting: Stone Arrow (safe; 1% risk of failure)
Confirm with . or Enter, or press ? or * to list all spells.
Aiming: Stone Arrow (safe; 1% risk of failure)
Press: ? - help, Shift-Dir - straight line, f - wight
Aim: a wight, wielding a +2 great sword and wearing a +0 robe (26% to evade)
The stone arrow hits the wight!
The wight is severely damaged.
The wight closely misses you.
Casting: Stone Arrow (safe; 1% risk of failure)
Confirm with . or Enter, or press ? or * to list all spells.
Aiming: Stone Arrow (safe; 1% risk of failure)
Press: ? - help, Shift-Dir - straight line, f/p - wight
Aim: a wight, wielding a +2 great sword and wearing a +0 robe (severely damaged, 26% to evade)
The stone arrow hits the wight!!
You destroy the wight!
Reach: w) +2 halberd (spect)
Press: ? - help, Dir - move target, f - Pikel
Aim: Pikel, wielding a +1 whip of freezing and wearing a +0 robe (strong, about 60% to evade your +2 spectral halberd)
You reach to attack!
You barely miss Pikel.
Your spectral weapon closely misses Pikel.
The lemure hits you!
Casting: Stone Arrow (safe; 1% risk of failure)
Confirm with . or Enter, or press ? or * to list all spells.
Aiming: Stone Arrow (safe; 1% risk of failure)
Press: ? - help, Shift-Dir - straight line, f/p - Pikel
Aim: Pikel, wielding a +1 whip of freezing and wearing a +0 robe (strong, 33% to evade)
The stone arrow hits Pikel!!
Pikel is heavily wounded.
Casting: Stone Arrow (safe; 1% risk of failure)
Confirm with . or Enter, or press ? or * to list all spells.
Aiming: Stone Arrow (safe; 1% risk of failure)
Press: ? - help, Shift-Dir - straight line, f/p - Pikel
Aim: Pikel, wielding a +1 whip of freezing and wearing a +0 robe (heavily wounded, strong, 33% to evade)
The stone arrow hits Pikel!
Pikel is severely wounded.
Pikel hits you with a +1 whip of freezing!!
* * * LOW HITPOINT WARNING * * *
Pikel freezes you!
You die...

.#. ###..###### #.#
#.## #.# ###.#
#..### #.# #...#
#..z..##.######.###
#......#.##.....#
#...z..#.##.#####
#.....#.#..#
##...5z#@§.##
#......#K###
#......55#
#.....[z.#
#........#
#.#.##...# # #
#...# #.#.# #.#.#


You could see Pikel (strong), 2 lemures and a wight.

Vanquished Creatures
  An ogre (D:5)
  A lemure (D:6)
  2 scorpions (D:4)
  2 wights (D:6)
  A jelly (D:6)
  An orc priest (D:5)
  A hound (D:4)
  A gnoll shaman (D:5)
  4 iguanas
  2 orc wizards (D:4)
  A hound skeleton (D:4)
  3 gnolls (D:5)
  An adder (D:4)
  A worm (D:5)
  A dart slug (D:2)
  2 orcs (D:5)
  5 ball pythons
  3 bats (D:1)
  4 endoplasms
  2 giant cockroaches (D:2)
  A goblin (D:4)
  5 hobgoblins
  8 jackals
  4 quokkas
  A frilled lizard (D:1)
  2 kobolds
  4 rats (D:1)
64 creatures vanquished.

Vanquished Creatures (collateral kills)
  A sky beast (D:6)
  An ogre (D:5)
  A water moccasin skeleton (D:5)
  A bullfrog skeleton (D:5)
  2 gnolls (D:5)
  An adder (D:5)
  A shadow imp (D:5)
  An adder skeleton (D:4)
  2 orcs (D:5)
  A ball python (D:4)
  A giant cockroach (D:4)
  A hobgoblin (D:4)
  2 jackals (D:4)
16 creatures vanquished.

Vanquished Creatures (others)
  3 ancestors
  8 plants (D:4)
11 creatures vanquished.

Grand Total: 91 creatures vanquished

Notes
Turn   | Place    | Note
-------+----------+-------------------------------------------
     0 | D:1      | jestyr24 the Djinni Earth Elementalist began the quest for
                  | the Orb.
     0 | D:1      | Reached XP level 1. HP: 15/15 MP: 0/0
   131 | D:1      | Reached skill level 3 in Spellcasting
   154 | D:1      | Reached XP level 2. HP: 17/21 MP: 0/0
   674 | D:1      | Found a faded altar of an unknown god.
   832 | D:1      | Reached XP level 3. HP: 24/25 MP: 0/0
   832 | D:1      | Learned a level 1 spell: Pain
  1706 | D:2      | You are sucked into a shaft and drop 2 floors!
  1891 | D:4      | Found a shimmering altar of Xom.
  1891 | D:4      | Found a hazy altar of Hepliaklqana.
  1894 | D:4      | Found a snail-covered altar of Cheibriados.
  1918 | D:4      | Became a worshipper of Hepliaklqana the Forgotten
  2014 | D:4      | Reached XP level 4. HP: 27/27 MP: 0/0
  2077 | D:4      | Reached skill level 4 in Spellcasting
  2206 | D:4      | Identified Sif Muna's Collected Works on Transmutation
  2275 | D:4      | Noticed a scorpion
  2280 | D:4      | Killed a scorpion
  2281 | D:4      | Reached skill level 5 in Spellcasting
  2281 | D:4      | Reached XP level 5. HP: 7/31 MP: 0/0
  2281 | D:4      | Learned a level 2 spell: Slow
  2594 | D:4      | Reached XP level 6. HP: 28/36 MP: 0/0
  2752 | D:4      | Found a staircase to the Ecumenical Temple.
  3125 | D:5      | Entered Level 5 of the Dungeon
  3133 | D:5      | Reached skill level 6 in Spellcasting
  3355 | D:5      | Reached XP level 7. HP: 33/40 MP: 0/0
  3355 | D:5      | Learned a level 2 spell: Poisonous Vapours
  3837 | D:5      | Reached * piety under Hepliaklqana
  3929 | D:5      | Reached skill level 7 in Spellcasting
  4639 | D:5      | Identified a scroll of acquirement
  4639 | D:5      | Acquired a manual of Axes
  5294 | D:6      | Noticed Pikel
  5473 | D:6      | Reached skill level 1 in Axes
  5473 | D:6      | Reached XP level 8. HP: 41/45 MP: 0/0
  5520 | D:6      | Reached skill level 1 in Fighting
  5532 | D:6      | Mangled by Pikel

Illustrated notes

Levels and vault maps discovered:
D:1:      psy_arrival_dodecagon, layout_basic, shapermc_ecumenical_altar_venn
D:2:      layout_basic, serial_glass, glass_columns_c, glass_columns_a,
          minmay_pentomino_s2
D:4:      layout_loops_ring, led_sif_book, gammafunk_temple_overflow_forgotten,
          minmay_temple_entry_gardened_gates, minmay_circle_x
D:5:      layout_loops_corners
D:6:      minmay_clustersquares, layout_rooms, uniq_pikel

Skill      XL: |  1  2  3  4  5  6  7  8 |
---------------+-------------------------+-----
Spellcasting   | 3 5 6 7 |  7.9
Axes           | 1 |  1.3
Fighting       | 1 |  1.1
Dodging        | |  2.4
Stealth        | |  1.7

Action                   |  1- 3 |  4- 6 |  7- 9 || total
-------------------------+-------+-------+-------++-------
Melee: Short sword       |     6 |     2 |       ||     8
       Halberd           |       |       |     4 ||     4
 Cast: Sandblast         |    57 |     7 |       ||    64
       Stone Arrow       |       |    19 |    25 ||    44
       Slow              |       |     1 |     1 ||     2
       Poisonous Vapours |       |       |     7 ||     7
       Lee's Rapid Decon |       |       |     3 ||     3
Invok: Ancestor Identity |     1 |     1 |       ||     2
  Use: Scroll            |       |       |    13 ||    13
 Stab: Sleeping          |     1 |       |       ||     1
Armor: Robe              |     6 |     2 |       ||     8
Dodge: Dodged            |    34 |     5 |     7 ||    46

Table legend: (Time is in decaauts)
 A = Elapsed time spent in this place.
 B = Non-inter-level travel time spent in this place.
 C = Inter-level travel time spent in this place.
 D = Time resting spent in this place.
 E = Time spent auto-exploring this place.
 F = Levels seen in this place.
 G = Mean time per level.
                   A        B        C        D        E       F      G
               +--------+--------+--------+--------+--------+-----+--------+
         Total |   5535 |   5366 |    169 |   2173 |   2398 |   5 | 1107.0 |
       Dungeon |   5535 |   5366 |    169 |   2173 |   2398 |   5 | 1107.0 |
               +--------+--------+--------+--------+--------+-----+--------+

Top non-repeatable levels by time:
     D:5: 2074 daAuts
     D:4: 1625 daAuts
     D:1: 1166 daAuts
     D:2: 539 daAuts
     D:6: 130 daAuts
